 Dungeon Crawl Stone Soup version 0.31-a0-1626-g5cb510d (webtiles) character file.

Game seed: 11383362478849215876

6 PidgeyThePirate the Trooper (level 1, 0/18 HPs)
             Began as a Demonspawn Monk on Jan 11, 2024.
             Slain by a kobold
             ... wielding a +0 whip
              (4 damage)
             ... on level 1 of the Dungeon.
             The game lasted 00:00:23 (113 turns).

PidgeyThePirate the Trooper (Demonspawn Monk)        Turns: 113, Time: 00:00:23

Health: 0/18       AC:  2    Str: 11    XL:     1   Next: 75%
Magic:  1/1        EV: 13    Int: 10    God:
Gold:   0          SH:  0    Dex: 15    Spells: 0/0 levels left

rFire   . . .        a - +0 short sword
rCold   . . .        d - orb {light}
rNeg    . . .        b - +0 robe
rPois   .            (no helmet)
rElec   .            (no cloak)
rCorr   .            (no gloves)
SInv    .            (no boots)
Will    .....        (no amulet)
Stlth   +            (no ring)
HPRegen 0.23/turn    (no ring)
MPRegen 0.07/turn

%: no passive effects
@: glowing
A: no striking features
a: no special abilities


You were on level 1 of the Dungeon.
You visited 1 branch of the dungeon, and saw 1 of its levels.

Inventory:

Hand Weapons
 a - a +0 short sword (weapon)
Armour
 b - a +0 robe (worn)
 d - an orb of light (worn)
Potions
 c - a potion of ambrosia


   Skills:
 + Level 3.1 Fighting
 + Level 2.8 Short Blades
 + Level 2.8 Dodging


You couldn't memorise any spells.
You didn't know any spells.
Your spell library was empty.

Dungeon Overview and Level Annotations

Branches:
Dungeon (1/15)

Altars:


Message History

There is a fountain of clear blue water here.
The hobgoblin misses you.
You hit the hobgoblin but do no damage. The hobgoblin misses you.
You hit the hobgoblin.
The hobgoblin is almost dead.
The hobgoblin hits you.
You hit the hobgoblin.
You kill the hobgoblin!
A hobgoblin is nearby!
You see here a +0 club.
The hobgoblin hits you.
You hit the hobgoblin but do no damage. The jackal closely misses you.
The hobgoblin misses you.
You hit the hobgoblin.
The hobgoblin is moderately wounded.
The jackal bites you but does no damage.
The jackal barely misses you.
You hit the hobgoblin.
The hobgoblin is heavily wounded.
The hobgoblin hits you. The giant cockroach closely misses you.
The jackal bites you but does no damage.
You hit the hobgoblin.
You kill the hobgoblin!
The jackal bites you but does no damage.
The giant cockroach misses you. The jackal misses you.
The giant cockroach bites you.
You see here a hobgoblin corpse.
The jackal barely misses you. The giant cockroach barely misses you.
The kobold misses you. The jackal closely misses you.
The giant cockroach bites you but does no damage.
The jackal bites you. The kobold attacks as it pursues you!
The kobold hits you with a +0 whip.
* * * LOW HITPOINT WARNING * * *
You see here a hobgoblin corpse.
You hit the giant cockroach.
The giant cockroach is heavily wounded.
The jackal bites you.
* * * LOW HITPOINT WARNING * * *
The giant cockroach barely misses you. The kobold hits you with a +0 whip.
You die...

......#...~≈≈#+#'#≈≈≈≈≈≈≈
......#...~≈≈'...##'###+#
..........~≈≈'...#.......
......†..)~≈≈#'#'#.#####.
...........~≈≈≈#...#...#
...#.....⌠..~≈~'.⌠.'.<.#
........)⌠†.~~≈'.⌠.'...#
...........~≈≈≈#...#...#
#......h@B~≈≈#+###.#####.
#.......K.~≈≈'...'†......
###...#...~≈≈'...##'###+#
#...#...~≈≈#'#'#≈≈≈≈≈≈≈
.....#...~≈≈≈≈≈≈≈≈≈≈≈≈≈≈
.... #...~≈≈≈≈≈≈≈≈≈≈≈≈≈≈
... #...~~~~~~BK~~~≈~≈≈
##.................
#.................


You could see a jackal, a giant cockroach and a kobold.

Vanquished Creatures
  2 ball pythons (D:1)
  2 hobgoblins (D:1)
  A frilled lizard (D:1)
  A goblin (D:1)
6 creatures vanquished.

Notes
Turn   | Place    | Note
-------+----------+-------------------------------------------
     0 | D:1      | PidgeyThePirate the Demonspawn Monk began the quest for the
                  | Orb.
     0 | D:1      | Reached XP level 1. HP: 18/18 MP: 1/1
   113 | D:1      | Slain by a kobold

Illustrated notes

Levels and vault maps discovered:
D:1:      dpeg_arrival_castle, layout_basic, minmay_hexomino_c4

Action                     || total
---------------------------++-------
  Melee: Short sword       ||    13
 Armour: Robe              ||    21
  Dodge: Dodged            ||    39

Table legend: (Time is in decaauts)
 A = Elapsed time spent in this place.
 B = Non-inter-level travel time spent in this place.
 C = Inter-level travel time spent in this place.
 D = Time resting spent in this place.
 E = Time spent auto-exploring this place.
 F = Levels seen in this place.
 G = Mean time per level.
                   A        B        C        D        E       F      G
               +--------+--------+--------+--------+--------+-----+--------+
         Total |    112 |    112 |      0 |      0 |     46 |   1 |  112.0 |
       Dungeon |    112 |    112 |      0 |      0 |     46 |   1 |  112.0 |
               +--------+--------+--------+--------+--------+-----+--------+

Top non-repeatable levels by time:
     D:1: 112 daAuts
